 Dungeon Crawl Stone Soup version 0.30-b1-2-g02819fbbbe (webtiles) character file.

Game seed: 17493069441581702379

5 redmage the Chiller (level 2, 20/20 HPs)
             Began as a Meteoran Ice Elementalist on July 31, 2023.
             Quit the game on level 1 of the Dungeon.
             The game lasted 00:01:30 (116 turns).

redmage the Chiller (Meteoran Ice Elementalist)      Turns: 116, Time: 00:01:30

Health: 20/20      AC:  2    Str:  9    XL:     2   Next: 5%
Magic:  6/6        EV: 12    Int: 16    God:
Gold:   34         SH:  0    Dex: 14    Spells: 5/6 levels left

rFire   . . .        (no weapon)
rCold   . . .        (no shield)
rNeg    . . .        a - +0 robe
rPois   .            (no helmet)
rElec   .            (no cloak)
rCorr   .            (no gloves)
SInv    .            (no boots)
Will    .....        (no amulet)
Stlth   +            (no ring)
HPRegen 0.23/turn    (no ring)
MPRegen 0.10/turn

%: no passive effects
@: glowing
A: sense surroundings 1, otherworldly, glowing, explore regen
a: no special abilities


You were on level 1 of the Dungeon.
You visited 1 branch of the dungeon, and saw 1 of its levels.

You collected 34 gold pieces.

Inventory:

Armour
 a - a +0 robe (worn)
Potions
 b - a potion of magic
 c - a potion of invisibility {unknown}


   Skills:
 - Level 2.4 Dodging
 - Level 1.4 Stealth
 + Level 2.9 Spellcasting
 * Level 4.6 Ice Magic


You had 5 spell levels left.
You knew the following spells:

 Your Spells              Type           Power      Damage    Failure   Level
a - Freeze                Ice            68%        1d8       2%          1

Your spell library contained the following spells:

 Spells                   Type           Power      Damage    Failure   Level
 Frozen Ramparts          Ice            34%        1d6       9%          3
 Ozocubu's Armour         Ice            17%        N/A       9%          3
 Summon Ice Beast         Ice/Summ       9%         N/A       58%         4


Dungeon Overview and Level Annotations

Branches:
Dungeon (1/15) Zot: 476

Altars:


Innate Abilities, Weirdness & Mutations

You passively map a small area around you.
You are easily found by Zot.
You glow in the dark.
You regain HP and MP as you explore.


Message History

Casting: Freeze (safe; 3% risk of failure)
Confirm with . or Enter, or press ? or * to list all spells.
Aiming: Freeze (safe; 3% risk of failure)
Press: ? - help, Shift-Dir - straight line, f - goblin
Aim: a goblin, wielding a +0 club You freeze the goblin.
You kill the goblin!
Unknown command.
c - a fuming blue potion A frilled lizard comes into view.
Casting: Freeze (safe; 3% risk of failure)
Confirm with . or Enter, or press ? or * to list all spells.
Aiming: Freeze (safe; 3% risk of failure)
Press: ? - help, Shift-Dir - straight line, f - frilled lizard
Aim: a frilled lizard You freeze the frilled lizard.
You kill the frilled lizard!
You have reached level 2!
You see here a frilled lizard corpse.
You open the door.
There is an open door here.
There is an open door here.
You open the door.
There is an open door here.
A rat comes into view.
The rat moves out of view.
Found 11 gold pieces.
The rat twitches its whiskers.
You see here 11 gold pieces.
You see here 11 gold pieces.
You now have 34 gold pieces (gained 11).
Casting: Freeze (safe; 2% risk of failure)
Confirm with . or Enter, or press ? or * to list all spells.
Aiming: Freeze (safe; 2% risk of failure)
Press: ? - help, Shift-Dir - straight line, f - rat
Aim: a rat You freeze the rat.
You kill the rat!
Unknown command.
Are you sure you want to abandon this character and quit the game? (Confirm with "yes".)

... #########
....###*##.......##
#.......##..####@..###*#####
#........#.## #....#
.##...##* * #....###.#.#
,####..##.##.).# #....#⌠#.#.#
#.###.#.##.### #....###.†.#
.#...##.#.#..##, ,
#..........#
*...~..#...#††.#, ,,
#..........####...~~.~...#..#
,
##.........##.##.~~.~~....##,
, #.........###.#..~≈~~....#
, ,


There were no monsters in sight!

Vanquished Creatures
  2 goblins (D:1)
  A frilled lizard (D:1)
  3 rats (D:1)
6 creatures vanquished.

Notes
Turn   | Place    | Note
-------+----------+-------------------------------------------
     0 | D:1      | redmage the Meteoran Ice Elementalist began the quest for
                  | the Orb.
     0 | D:1      | Reached XP level 1. HP: 14/14 MP: 5/5
    73 | D:1      | Reached XP level 2. HP: 20/20 MP: 4/6
   116 | D:1      | Quit the game

Illustrated notes

Levels and vault maps discovered:
D:1:      dpeg_arrival_subterranean_lakeside_camping, layout_basic,
          nicolae_ecumenical_lake_church, feat_on_display

Action                     || total
---------------------------++-------
   Cast: Freeze            ||     7
  Dodge: Dodged            ||     1
